 Dungeon Crawl Stone Soup version 0.18-a0-1211-g828307d (webtiles) character file.

2395 Gagarin the Ruffian (level 9, -1/88 HPs)
             Began as a Troll Berserker on Feb 2, 2016.
             Was a High Priest of Trog.
             Slain by an orc warrior
             ... wielding a +0 trident
              (16 damage)
             ... on level 8 of the Dungeon.
             The game lasted 00:19:44 (5812 turns).

Gagarin the Ruffian (Troll Berserker)               Turns: 5812, Time: 00:19:45

Health: -1/88      AC:  6    Str: 28    XL:     9   Next: 22%
Magic:  8/8        EV: 12    Int:  5    God:    Trog [*****.]
Gold:   310        SH:  0    Dex:  9    Spells: 0 memorised, 8 levels left

rFire  . . .     SeeInvis +       - Unarmed
rCold  . . .     Gourm    +     a - +0 animal skin
rNeg   . . .     Faith    .     (no shield)
rPois  .         Spirit   .     x - +1 hat
rElec  .         Dismiss  .     (no cloak)
rCorr  .         Reflect  .     (gloves unavailable)
SustAt +         Harm     .     (boots unavailable)
MR     .....                    (no amulet)
Stlth  +.........               w - ring of sustain attributes
                                r - ring of see invisible

@: exhausted, slowed, very slow, not resistant to hostile enchantments, very
unstealthy
A: unfitting armour, claws 3, fast metabolism 3, gourmand, regeneration 2,
shaggy fur 1, tough skin 2
a: Berserk, Trog's Hand, Brothers in Arms, Burn Spellbooks, Renounce Religion


You were on level 8 of the Dungeon.
You worshipped Trog.
Trog was extremely pleased with you.
You were very full.

You visited 1 branch of the dungeon, and saw 8 of its levels.

You collected 506 gold pieces.
You spent 196 gold pieces at shops.

Inventory:

Hand Weapons
 o - a +2 dagger of flaming
 K - a +0 giant spiked club
 O - a +2 antimagic glaive
Missiles
 A - 19 tomahawks
 D - 5 silver javelins (quivered)
Armour
 a - a +0 animal skin (worn)
 i - a +1 pair of boots
 x - a +1 hat (worn)
Jewellery
 c - an uncursed amulet of the gourmand
 r - a ring of see invisible (left claw)
 w - a ring of sustain attributes (right claw)
 B - an uncursed amulet of the gourmand
 F - an uncursed ring of wizardry
 J - an uncursed ring of fire {unknown}
Wands
 v - a wand of confusion (13/48)
 H - a wand of disintegration (15/24)
Scrolls
 f - 3 scrolls of identify
 h - a scroll of fear {unknown}
 j - a scroll of teleportation {unknown}
 l - 4 scrolls of remove curse {unknown}
 q - a scroll of enchant armour {unknown}
 s - 3 scrolls of enchant weapon {unknown}
 L - a scroll of blinking {unknown}
 N - a scroll of random uselessness {unknown}
Potions
 e - a potion of flight {unknown}
 k - a potion of agility
 m - a potion of ambrosia {unknown}
 n - a potion of poison {unknown}
 p - a potion of brilliance {unknown}
 u - a potion of lignification {unknown}
 z - a potion of cure mutation
 C - a potion of curing
 E - a potion of heal wounds {unknown}
 G - 2 potions of mutation
Miscellaneous
 y - a plain deck of escape
Comestibles
 b - 8 bread rations
 d - 2 slices of pizza
 g - 4 meat rations
 t - a beef jerky
 I - 6 fruits
 M - 6 chunks of flesh


   Skills:
 + Level 5.4 Fighting
 + Level 1.0 Throwing
 + Level 7.2 Dodging
 + Level 1.5 Stealth
 + Level 7.3 Unarmed Combat


You had 8 spell levels left.
You didn't know any spells.

Dungeon Overview and Level Annotations

Branches:
Dungeon (8/15)             Temple (0/1) D:4
   Lair: D:8-11

Altars:
Ashenzari
Elyvilon
Trog

Shops:
D:4 }


Innate Abilities, Weirdness & Mutations

You are too large for most types of armour.
You have claws for hands.
Your metabolism is lightning-fast.
You like to eat raw meat.
You heal very quickly.
You are covered in fur (AC +1).
You have very tough skin (AC +2).


Message History

Your connection to magic feels less subdued.
Your magic regains its normal vibrancy.
You feel conductive.
The orc wizard casts a cantrip, but nothing happens.
The orc wizard points at you and mumbles some strange words.
The magic dart hits you!
* * * LOW HITPOINT WARNING * * *
The orc warrior hits you from afar with a trident.
* * * LOW HITPOINT WARNING * * *
The orc misses you. The orc wizard closely misses you.
The orc wizard gestures wildly while chanting.
The orc wizard seems to speed up.
A giant frog skeleton comes into view.
Drink which item? (? for menu, Esc to quit)
It was a potion of curing.
You feel better.
The orc warrior hits you from afar with a trident!
* * * LOW HITPOINT WARNING * * *
The orc hits you but does no damage.
The orc wizard hits you but does no damage.
The orc warrior hits you from afar with a trident!
You die...

#.#
#.#
#.#
#.#
#g#
#o#
#o#
#@#
#o#
#o#


Zo# ### You could see an orc warrior, 3 orc wizards, an orc, a hobgoblin and a
giant frog skeleton.

Vanquished Creatures
  A phantom (D:4)
  An orc warrior (D:6)
  The ghost of Gagarin the Skirmisher, an amateur CeCK of Xom (D:3)
  2 sky beasts
  A centaur (D:7)
  An ogre (D:6)
  3 giant frogs
  A big kobold (D:7)
  A wyvern zombie (D:7)
  2 scorpions
  4 wights (D:7)
  3 crimson imps
  A giant frog zombie (D:6)
  5 orc priests
  A centaur skeleton (D:6)
  3 hounds (D:7)
  2 giant frog skeletons (D:4)
  2 jellies
  2 worker ants (D:7)
  10 orc wizards
  8 gnolls
  3 river rats (D:2)
  5 adders
  2 shadow imps (D:6)
  2 oozes
  2 adder zombies
  6 worms
  10 giant geckos
  28 orcs
  7 bats
  7 giant cockroaches
  10 goblins
  13 hobgoblins
  11 jackals
  5 quokkas
  3 ball pythons
  3 giant newts
  10 kobolds
  A quokka skeleton (D:5)
  10 rats
193 creatures vanquished.

Notes
Turn   | Place    | Note
--------------------------------------------------------------
     0 | D:1      | Gagarin the Troll Berserker began the quest for the Orb.
     0 | D:1      | Reached XP level 1. HP: 22/22 MP: 0/0
    99 | D:1      | Reached XP level 2. HP: 21/29 MP: 1/1
   301 | D:1      | Reached ** piety under Trog
   393 | D:1      | Reached XP level 3. HP: 36/36 MP: 2/2
   819 | D:2      | Reached XP level 4. HP: 41/44 MP: 3/3
  1106 | D:2      | Reached *** piety under Trog
  1116 | D:2      | Reached XP level 5. HP: 47/53 MP: 4/4
  1566 | D:3      | Reached skill level 4 in Dodging
  1709 | D:3      | Noticed Gagarin's ghost (amateur CeCK)
  1725 | D:3      | Killed Gagarin's ghost
  1725 | D:3      | Reached XP level 6. HP: 61/61 MP: 5/5
  2285 | D:4      | Found Owu Igu's Gadget Shop.
  2311 | D:4      | Reached skill level 5 in Dodging
  2335 | D:4      | Bought a plain deck of escape for 196 gold pieces
  2484 | D:4      | Found a staircase to the Ecumenical Temple.
  2554 | D:4      | Reached **** piety under Trog
  2654 | D:4      | Reached XP level 7. HP: 63/67 MP: 6/6
  3131 | D:5      | Entered Level 5 of the Dungeon
  3169 | D:5      | Reached skill level 5 in Unarmed Combat
  3921 | D:6      | Reached ***** piety under Trog
  4070 | D:6      | Reached XP level 8. HP: 78/78 MP: 7/7
  4077 | D:6      | Reached skill level 6 in Dodging
  4165 | D:6      | Found a bloodstained altar of Trog.
  4225 | D:6      | Reached skill level 1 in Stealth
  4829 | D:7      | Found a white marble altar of Elyvilon.
  5043 | D:7      | Reached skill level 5 in Fighting
  5175 | D:7      | Reached skill level 1 in Throwing
  5177 | D:7      | Received a gift from Trog
  5459 | D:7      | Reached skill level 7 in Unarmed Combat
  5459 | D:7      | Reached XP level 9. HP: 67/88 MP: 8/8
  5618 | D:7      | Found a shattered altar of Ashenzari.
  5800 | D:7      | Received a gift from Trog
  5810 | D:8      | Gained mutation: Your spells are a little easier to cast, but a little less powerful. [potion of mutation]
  5810 | D:8      | Gained mutation: Your spells are easier to cast, but less powerful. [potion of mutation]
  5810 | D:8      | Gained mutation: You are resistant to electric shocks. [potion of mutation]
  5811 | D:8      | Lost mutation: Your spells are easier to cast, but less powerful. [potion of cure mutation]
  5811 | D:8      | Lost mutation: Your spells are a little easier to cast, but a little less powerful. [potion of cure mutation]
  5811 | D:8      | Lost mutation: You are resistant to electric shocks. [potion of cure mutation]
  5812 | D:8      | Slain by an orc warrior

Vault maps used:
D:1:      matt_arrival_grand_opening, minmay_misc_feat_tiny
D:2:      wad_woods_settlement
D:3:      columned_hall_lemuel
D:4:      temple_statues, first_bread, serial_shops, shop, minmay_liquid_box,
          minmay_misc_feat_rugged
D:6:      mumra_celtic_spiral_tile, lemuel_doored_altar, st_stairs_5
D:7:      kennysheep_housing_project, ashenzari_conservatory_becter,
          overflow_temple_1_default
D:8:      the_bakery

Action                   |  1- 3 |  4- 6 |  7- 9 || total
-------------------------+-------+-------+-------++-------
Melee: Unarmed           |   103 |   233 |   286 ||   622
Throw: Tomahawk          |       |       |     3 ||     3
Invok: Berserk           |       |     2 |     5 ||     7
       Burn Spellbooks   |       |       |     1 ||     1
  Use: Potion            |       |     1 |     3 ||     4
       Scroll            |       |       |     2 ||     2
  Eat: Chunk             |    13 |    20 |    33 ||    66
